 Dungeon Crawl Stone Soup version 0.30-a0-930-gb9d0489357 (webtiles) character file.

Game seed: 12886248625348194779

1089 Pooter the Chopper (level 8, -2/105 HPs)
             Began as a Minotaur Berserker on Mar 23, 2023.
             Was an Elder of Trog.
             Slain by an iguana (15 damage)
             ... on level 5 of the Dungeon.
             The game lasted 00:21:38 (3823 turns).

Pooter the Chopper (Minotaur Berserker)             Turns: 3823, Time: 00:21:38

Health: -2/105     AC:  1    Str: 24    XL:     8   Next: 9%
Magic:  7/7        EV: 16    Int:  4    God:    Trog [****..]
Gold:   84         SH:  0    Dex: 10    Spells: 7/7 levels left

rFire   . . .      SeeInvis .    a - +0 war axe (vamp)
rCold   + . .      Faith    .    (no shield)
rNeg    . . .      Spirit   .    l - +0 ring mail of Plasticity {*Corrode +Blink rPois rC+}
rPois   +          Reflect  .    (helmet restricted)
rElec   .          Rampage  .    (no cloak)
rCorr   .                        (no gloves)
Will    .....                    (no boots) Stlth
                                 (no amulet)
HPRegen 0.37/turn                g - ring of flight
MPRegen 0.10/turn                s - +5 ring of evasion

@: berserking, corroded, flying, very quick
A: horns 2, retaliatory headbutt
a: Renounce Religion, Evoke Blink, Berserk, Trog's Hand, Brothers in Arms


You were on level 5 of the Dungeon.
You worshipped Trog.
Trog was greatly pleased with you.
You visited 1 branch of the dungeon, and saw 5 of its levels.

You collected 175 gold pieces.
You spent 91 gold pieces at shops.

Inventory:

Hand Weapons
 a - a +0 vampiric war axe (weapon)
   (You bought it in a shop on level 3 of the Dungeon)
 b - a +0 triple crossbow
   (You found it on level 5 of the Dungeon)
 n - the +11 dagger of the Beginning {speed, rPois Int+3}
   (You found it on level 2 of the Dungeon)

   Int:       It affects your intelligence (+3).
   rPois:     It protects you from poison.
 p - a +0 trident
   (You found it on level 3 of the Dungeon)
 u - a +0 sling
   (You found it on level 1 of the Dungeon)
Missiles
 d - 5 boomerangs
 e - 19 poisoned darts (quivered)
 k - 3 javelins
 Q - 51 stones
Armour
 l - the +0 ring mail of Plasticity (worn) {*Corrode +Blink rPois rC+}
   (You found it on level 2 of the Dungeon)

   rC:        It protects you from cold.
   rPois:     It protects you from poison.
   +Blink:    It lets you blink.
   *Corrode:  It may corrode you when you take damage.
 m - a +0 chain mail
   (You found it on level 3 of the Dungeon)
Jewellery
 g - a ring of flight (left hand)
   (You found it on level 1 of the Dungeon)
 s - a +5 ring of evasion (right hand)
   (You found it on level 4 of the Dungeon)
Wands
 x - a wand of acid (1)
   (You found it on level 3 of the Dungeon)
Scrolls
 c - a scroll of fear
 i - a scroll of noise {unknown}
 q - 2 scrolls of poison {unknown}
 r - a scroll of enchant armour {unknown}
Potions
 f - a potion of brilliance {unknown}
 h - a potion of lignification {unknown}
 j - 2 potions of heal wounds {unknown}
 o - a potion of curing {unknown}
 t - a potion of attraction {unknown}
 v - a potion of flight {unknown}
 w - a potion of haste {unknown}


   Skills:
 - Level 5.6 Fighting
 + Level 7.8 Axes
 * Level 6.5 Ranged Weapons
 - Level 2.4 Armour
 - Level 2.1 Dodging
 - Level 1.9 Evocations


You had 7 spell levels left.
You didn't know any spells.
Your spell library was empty.

Dungeon Overview and Level Annotations

Branches:
Dungeon (5/15)
 Temple: D:4-7

Altars:
Cheibriados
Dithmenos
Hepliaklqana
Makhleb
Okawaru
Xom
Zin

Shops:
D:3 (


Innate Abilities, Weirdness & Mutations

You have a pair of horns on your head.
You reflexively headbutt those who attack you in melee.


Message History

A sleepcap and an iguana come into view.
The iguana hisses angrily.
You shoot a bolt.
The bolt hits the sleepcap but does no damage.
You shoot a bolt.
The bolt hits the sleepcap but does no damage.
The sleepcap closely misses you. You furiously retaliate!
You headbutt the sleepcap, but do no damage.
The sleepcap releases spores at you but does no damage.
You shoot a bolt. The bolt hits the sleepcap!
The sleepcap closely misses you.
The iguana closely misses you. x2; The sleepcap completely misses you.
You shoot a bolt. The bolt hits the sleepcap.
The sleepcap closely misses you. The iguana closely misses you.
You furiously retaliate!
You headbutt the iguana.
The sleepcap releases spores at you but does no damage.
The iguana bites you!
You shoot a bolt.
The bolt hits the sleepcap but does no damage.
The sleepcap completely misses you. You furiously retaliate!
You headbutt the sleepcap. The iguana misses you. You furiously retaliate!
You headbutt the iguana! The sleepcap misses you. You furiously retaliate!
You headbutt the sleepcap. The iguana closely misses you.
The scorpion completely misses you.
You shoot a bolt. The bolt closely misses the iguana.
The scorpion stings you but does no damage.
The sleepcap closely misses you. You furiously retaliate!
You headbutt the sleepcap, but do no damage.
The iguana bites you!
Your corrosive artefact corrodes you!
The scorpion misses you. You furiously retaliate!
You headbutt the scorpion, but do no damage.
The sleepcap releases spores at you.
You are engulfed in a cloud of soporific spores!
You fall asleep.
The iguana bites you!!
You wake up.
* * * LOW HITPOINT WARNING * * *
The scorpion closely misses you.
You feel a sense of dread.
a - a +0 vampiric war axe (weapon)
The sleepcap releases spores at you.
* * * LOW HITPOINT WARNING * * *
You are engulfed in a cloud of soporific spores!
You are unaffected.
The iguana barely misses you.
Unknown command.
A red film seems to cover your vision as you go berserk!
You feel yourself moving faster!
You feel mighty! The scorpion barely misses you. You furiously retaliate!
You headbutt the scorpion. The sleepcap releases spores at you.
* * * LOW HITPOINT WARNING * * *
The iguana bites you!
You die...

#############
#.....#.....
#.....#.....#.....#
#..#†.#..#..#..#..# #
#..#..#f.#..#..#..###+#
#..#..@l.#.....#......
#..#...s.#$....#s....
#..####################
#......................
#................[.....
#..####################
#..#.....#...S.#
#..#.....#.S.g.#
#..#..#..#..#..#


You could see a sleepcap, a scorpion and an iguana.

Vanquished Creatures
  Eustachio (D:4)
  2 black bears
  2 phantoms (D:5)
  A scorpion (D:5)
  A howler monkey (D:4)
  2 hounds
  2 jellies
  2 orc priests (D:4)
  Terence (D:3)
  3 iguanas
  An orc wizard (D:4)
  4 gnolls
  2 adders (D:2)
  A shadow imp (D:4)
  A white imp (D:3)
  2 ufetubi
  3 worms
  2 dart slugs
  10 orcs
  15 endoplasms
  4 giant cockroaches
  6 goblins
  3 hobgoblins
  4 jackals (D:2)
  3 quokkas
  8 ball pythons
  10 bats
  5 frilled lizards
  15 kobolds
  14 rats
130 creatures vanquished.

Vanquished Creatures (others)
  2 fungi (D:3)
  10 toadstools (D:3)
12 creatures vanquished.

Grand Total: 142 creatures vanquished

Notes
Turn   | Place    | Note
-------+----------+-------------------------------------------
     0 | D:1      | Pooter the Minotaur Berserker began the quest for the Orb.
     0 | D:1      | Reached XP level 1. HP: 19/19 MP: 0/0
     2 | D:1      | Noticed a vampire
     2 | D:1      | Noticed an armataur
     4 | D:1      | Noticed a naga
     4 | D:1      | Noticed a gargoyle
     6 | D:1      | Noticed a ghoul
     6 | D:1      | Noticed a demonspawn
     8 | D:1      | Noticed a tengu
     8 | D:1      | Noticed a troll
    10 | D:1      | Noticed an ogre
    10 | D:1      | Noticed an octopode
    12 | D:1      | Noticed a merfolk
    14 | D:1      | Noticed a spriggan
    14 | D:1      | Noticed a felid
    16 | D:1      | Noticed a minotaur
    16 | D:1      | Noticed a vine stalker
    18 | D:1      | Noticed an elf
    18 | D:1      | Noticed a draconian
    20 | D:1      | Noticed a demigod
    20 | D:1      | Noticed a human
    24 | D:1      | Noticed a ghoul
    24 | D:1      | Noticed a meteoran
    26 | D:1      | Noticed a formicid
    26 | D:1      | Noticed an armataur
    62 | D:1      | Reached skill level 4 in Axes
    66 | D:1      | Reached XP level 2. HP: 23/27 MP: 1/1
   352 | D:1      | Reached ** piety under Trog
   353 | D:1      | Reached XP level 3. HP: 33/33 MP: 2/2
   474 | D:1      | Reached skill level 1 in Ranged Weapons
   676 | D:2      | Found a snail-covered altar of Cheibriados.
   862 | D:2      | Identified the +0 ring mail of Plasticity {*Corrode +Blink
                  | rPois rC+}
   917 | D:2      | Reached skill level 5 in Axes
   917 | D:2      | Reached XP level 4. HP: 36/40 MP: 3/3
  1238 | D:2      | Identified the +11 dagger of the Beginning {speed, rPois
                  | Int+3}
  1573 | D:3      | Reached XP level 5. HP: 47/47 MP: 4/4
  1738 | D:3      | Noticed Terence
  1745 | D:3      | Killed Terence
  1785 | D:3      | Reached *** piety under Trog
  1812 | D:3      | Found a hazy altar of Hepliaklqana.
  1856 | D:3      | Found Kyurel's Antique Weapon Shoppe.
  1884 | D:3      | Bought a war axe for 91 gold pieces
  2456 | D:4      | Reached XP level 6. HP: 55/55 MP: 5/5
  2458 | D:4      | Reached skill level 6 in Axes
  2468 | D:4      | Found a glowing silver altar of Zin.
  2473 | D:4      | Found a shadowy altar of Dithmenos.
  2475 | D:4      | Found an iron altar of Okawaru.
  2499 | D:4      | Reached skill level 5 in Fighting
  2655 | D:4      | Reached skill level 1 in Evocations
  2751 | D:4      | Reached XP level 7. HP: 26/61 MP: 6/6
  2791 | D:4      | Noticed Eustachio
  3022 | D:4      | Killed Eustachio
  3023 | D:4      | Reached skill level 7 in Axes
  3063 | D:4      | Found a burning altar of Makhleb.
  3282 | D:4      | Found a shimmering altar of Xom.
  3302 | D:5      | Entered Level 5 of the Dungeon
  3390 | D:5      | Reached skill level 5 in Ranged Weapons
  3794 | D:5      | Reached **** piety under Trog
  3795 | D:5      | Reached XP level 8. HP: 70/70 MP: 7/7
  3823 | D:5      | Slain by an iguana

Illustrated notes

Levels and vault maps discovered:
D:1:      kb_arrival_jail, layout_basic
D:2:      layout_basic, basic_altar, kennysheep_small_spiral
D:3:      cheibrodos_fertilizer, layout_basic, nicolae_overflow_crystal_walls,
          serial_shops, shop, chequers_jeans, uniq_terence
D:4:      layout_cave_pools, bloody_makhleb, mainiacjoe_overflow_boulevard,
          gammafunk_temple_overflow_forgotten, chequers_serial_rivers_micro_b,
          uniq_eustachio
D:5:      kennysheep_windowed_halls, layout_loops_ring, grunt_decor_mini_mirrors

Skill      XL: |  1  2  3  4  5  6  7 |
---------------+----------------------+-----
Axes           | 4 5 6 7 |  7.8
Fighting       | 4 5 |  5.6
Ranged Weapons | 1 2 3 4 6 |  6.5
Evocations     | 1 |  1.9
Armour         | |  2.4
Dodging        | |  2.1

Action                     |  1- 3 |  4- 6 |  7- 9 || total
---------------------------+-------+-------+-------++-------
  Melee: Hand axe          |    42 |    15 |       ||    57
         Headbutt          |     6 |    18 |     4 ||    28
         Punch             |     1 |       |       ||     1
         Dagger            |       |    20 |       ||    20
         War axe           |       |    51 |    22 ||    73
   Fire: Sling             |    61 |    75 |     7 ||   143
         Triple crossbow   |       |       |    31 ||    31
  Throw: Javelin           |       |     2 |       ||     2
         Dart              |       |       |     6 ||     6
 Invoke: Berserk           |     1 |     3 |     1 ||     5
         Trog's Hand       |       |     3 |     1 ||     4
  Evoke: Wand              |       |     1 |       ||     1
    Use: Scroll            |     2 |       |     2 ||     4
 Armour: Animal skin       |     8 |       |       ||     8
         Ring mail         |       |    49 |     5 ||    54
  Dodge: Dodged            |    41 |    84 |    42 ||   167

Table legend: (Time is in decaauts)
 A = Elapsed time spent in this place.
 B = Non-inter-level travel time spent in this place.
 C = Inter-level travel time spent in this place.
 D = Time resting spent in this place.
 E = Time spent auto-exploring this place.
 F = Levels seen in this place.
 G = Mean time per level.
                   A        B        C        D        E       F      G
               +--------+--------+--------+--------+--------+-----+--------+
         Total |   3932 |   3829 |    103 |    800 |   2168 |   5 |  786.4 |
       Dungeon |   3932 |   3829 |    103 |    800 |   2168 |   5 |  786.4 |
               +--------+--------+--------+--------+--------+-----+--------+

Top non-repeatable levels by time:
     D:3: 1165 daAuts
     D:4: 884 daAuts
     D:2: 684 daAuts
     D:1: 645 daAuts
     D:5: 553 daAuts
